 Dungeon Crawl Stone Soup version 0.26-a0-8-gc4d20be10f (webtiles) character file.

Game seed: 4997042319883631444, levelgen mode: deterministic

11166 vurker the Zephyrmancer (level 11, -9/67 HPs)
             Began as a Tengu Air Elementalist on May 24, 2020.
             Was an Elder of Vehumet.
             Mangled by a white ugly thing (31 damage)
             ... on level 11 of the Dungeon.
             The game lasted 00:25:32 (15823 turns).

vurker the Zephyrmancer (Tengu Air Elementalist)   Turns: 15823, Time: 00:25:33

Health: -9/67      AC:  8    Str:  8    XL:     11   Next: 73%
Magic:  8/26       EV: 12    Int: 20    God:    Vehumet [****..]
Gold:   836        SH:  0    Dex: 14    Spells: 19/30 levels left

rFire    . . .     SeeInvis .   j - +3 quarterstaff (chaos)
rCold    . . .     Gourm    .   (shield currently unavailable)
rNeg     . . .     Faith    .   C - +1 ring mail "Zirimeup" {*Drain rElec MR+}
rPois    +         Spirit   .   k - +0 hat
rElec    +         Reflect  .   b - +0 cloak
rCorr    .         Harm     .   l - +0 pair of gloves
MR       +....                  (boots unavailable)
Stlth    +.........             (no amulet)
HPRegen  0.21/turn              s - ring of poison resistance
MPRegen  0.20/turn              (no ring)

@: flying quickly and evasively, quick
A: beak, talons 3, able to fly
a: Stop Flying, Renounce Religion


You were on level 11 of the Dungeon.
You worshipped Vehumet.
Vehumet was greatly pleased with you.
You were not hungry.

You visited 2 branches of the dungeon, and saw 12 of its levels.

You collected 836 gold pieces.

Inventory:

Hand Weapons
 j - a +3 quarterstaff of chaos (weapon)
   (You took it off Crazy Yiuf on level 4 of the Dungeon)
 m - a +2 dagger of electrocution
   (You took it off an orc wizard on level 3 of the Dungeon)
Armour
 b - a +0 cloak (worn)
   (You took it off Crazy Yiuf on level 4 of the Dungeon)
 k - a +0 hat (worn)
   (You found it on level 4 of the Dungeon)
 l - a +0 pair of gloves (worn)
   (You found it on level 10 of the Dungeon)
 q - a +3 leather armour of cold resistance
   (You took it off Ijyb on level 5 of the Dungeon)
 C - the +1 ring mail "Zirimeup" (worn) {*Drain rElec MR+}
   (You found it on level 10 of the Dungeon)

   It insulates you from electricity.
   It affects your resistance to hostile enchantments.
   It causes draining when unequipped.
 F - a +0 troll leather armour
   (You found it on level 11 of the Dungeon)
Jewellery
 s - a ring of poison resistance (left hand)
   (You took it off a centaur on level 6 of the Dungeon)
Wands
 c - a wand of disintegration (15)
   (You found it on level 6 of the Dungeon)
 d - a wand of iceblast (11)
   (You found it on level 3 of the Dungeon)
 x - a wand of acid (13)
   (You found it on level 8 of the Dungeon)
Scrolls
 h - 8 scrolls of remove curse
 r - a scroll of enchant armour
 v - 3 scrolls of amnesia
 w - 2 scrolls of magic mapping
 y - a scroll of enchant weapon
 A - a scroll of random uselessness {unknown}
 B - a scroll of teleportation
Potions
 a - a potion of haste
 f - 4 potions of brilliance
 g - 4 potions of curing
 i - 2 potions of mutation
 n - a potion of cancellation {unknown}
 o - a potion of lignification
 p - a potion of heal wounds {unknown}
 t - a potion of stabbing {unknown}
 u - a potion of berserk rage
Miscellaneous
 z - a phantom mirror
 D - a tin of tremorstones (3/3)
   (You found it on level 10 of the Dungeon)
Comestibles
 e - 15 rations
 E - 10 chunks of flesh


   Skills:
 + Level 7.3 Fighting
 - Level 2.1 Dodging
 - Level 2.0 Stealth
 * Level 10.0 Spellcasting
 + Level 9.8 Conjurations
 * Level 13.8 Air Magic


You had 19 spell levels left.
You knew the following spells:

 Your Spells              Type           Power        Failure   Level  Hunger
a - Shock                 Conj/Air       ####         1%          1    None
b - Lightning Bolt        Conj/Air       ######....   1%          5    ####...
c - Airstrike             Air            ######....   1%          4    ##.....
p - Apportation           Tloc           ##....       22%         1    None

Your spell library contained the following spells:

 Spells                   Type           Power        Failure   Level  Hunger
 Iskenderun's Mystic Bla  Conj/Tloc      ####....     8%          4    ##.....
 Swiftness                Chrm/Air       #####...     1%          2    None
 Static Discharge         Conj/Air       ######..     1%          3    None
 Summon Lightning Spire   Summ/Air       #####...     13%         4    ##.....
 Animate Skeleton         Necr           N/A          22%         1    None
 Corona                   Hex            ##.....      22%         1    None
 Summon Small Mammal      Summ           ##..         22%         1    None
 Call Imp                 Summ           ##......     32%         2    None
 Call Canine Familiar     Summ           ##......     54%         3    None
 Summon Guardian Golem    Hex/Summ       ##......     54%         3    None
 Summon Ice Beast         Ice/Summ       ##......     91%         4    ##.....


Dungeon Overview and Level Annotations

Branches:
Dungeon (11/15)            Temple (1/1) D:5            Lair (0/6) D:10
    Orc (0/2) D:10

Altars:
Ashenzari
Cheibriados
Dithmenos
Elyvilon
Fedhas
Gozag
Hepliaklqana
Kikubaaqudgha
Makhleb
Nemelex Xobeh
Okawaru
Qazlal
Ru
Sif Muna
Trog
Uskayaw
Vehumet
Wu Jian
Xom
Yredelemnul
Zin
The Shining One
Beogh

Annotations:
D:3 2 runed translucent doors, MisterFreud's ghost, amateur OpGl


Innate Abilities, Weirdness & Mutations

You have a beak for a mouth.
You have claws for feet.
You can fly continuously.


Message History

You butcher the orc corpse.
E - 7 chunks of flesh (gained 1)
You butcher the orc corpse.
E - 10 chunks of flesh (gained 3)
Items here: )) [[ รทรท x2
Found a dagger.
The cyclops shouts!
The cyclops throws a large rock.
The large rock hits you!
You see here a large rock.
A cyclops is nearby!
Aim: a cyclops, quivering a large rock The air twists around and strikes the cyclops!
The cyclops throws a large rock.
The large rock hits you but does no damage.
Aim: a cyclops (moderately wounded)
The air twists around and strikes the cyclops!
Aim: a cyclops (heavily wounded)
The air twists around and strikes the cyclops!
A white ugly thing comes into view.
Aim: a cyclops (severely wounded)
The air twists around and strikes the cyclops!
You kill the cyclops!
Vehumet accepts your kill.
You feel your power returning.
Your Spellcasting skill increases to level 10!
Aim: a white ugly thing The air twists around and strikes the white ugly thing!
Aim: a white ugly thing (lightly wounded)
The air twists around and strikes the white ugly thing!
You don't have enough magic to cast that spell.
Aim: a white ugly thing (moderately wounded)
The bolt of acid hits the white ugly thing!
The white ugly thing is splashed with acid!
The acid corrodes the white ugly thing!
Aim: a white ugly thing (heavily wounded, covered in acid)
The bolt of acid misses the white ugly thing.
Aim: a white ugly thing (heavily wounded, covered in acid)
The bolt of acid hits the white ugly thing!
The white ugly thing is splashed with acid!
The white ugly thing seems to be corroded for longer.
The white ugly thing trunk-slaps you! The white ugly thing freezes you!!
* * * LOW HITPOINT WARNING * * *
There is a stone staircase leading up here.
Found a ring mail.
Found a rapier.
The white ugly thing is no longer covered in acid.
The white ugly thing trunk-slaps you!
* * * LOW HITPOINT WARNING * * *
The white ugly thing freezes you!!
You die...

#...............#.#....#?
#...........#.........##
#...............#.#.....
#.......................>
#..............##....[
#.........[...###
#................
##......#.#.#..##
##......@.....#
####).#u#.#..#
#.........# #..#.#.#..#
#.........# ###########


You could see a white ugly thing.

Vanquished Creatures
  2 two-headed ogres
  Pikel (D:8)
  An ugly thing (D:11)
  A cyclops (D:11)
  Psyche (D:11)
  A troll (D:11)
  Grinder (D:6)
  Prince Ribbit (D:8)
  6 yaks
  A basilisk (D:10)
  Menkaure (D:5)
  3 hungry ghosts
  4 porcupines (D:10)
  A water moccasin (D:5)
  7 black bears
  An ice beast (D:6)
  4 orc warriors
  A sky beast (D:11)
  2 necrophages (D:9)
  8 centaurs
  A wolf (D:10)
  10 ogres
  2 crocodiles (D:10)
  3 bullfrogs
  7 killer bees
  7 wights
  3 howler monkeys
  3 crimson imps
  3 bullfrog zombies
  3 jellies
  4 quasits
  6 hounds
  Crazy Yiuf (D:4)
  A centaur skeleton (D:10)
  7 orc priests
  12 orc wizards
  A bullfrog skeleton (D:10)
  Ijyb (D:5)
  2 iguanas
  7 worker ants
  2 worker ant zombies
  3 gnolls (D:4)
  9 adders
  3 shadow imps
  2 oozes
  2 adder skeletons
  2 worms
  3 dart slugs
  4 leopard geckos
  58 orcs
  4 bats (D:1)
  9 giant cockroaches
  8 goblins
  5 hobgoblins
  21 jackals
  6 quokkas
  6 frilled lizards
  6 kobolds
  11 rats
296 creatures vanquished.

Vanquished Creatures (collateral kills)
  A scorpion (D:7)
1 creature vanquished.

Vanquished Creatures (others)
  5 fungi (D:10)
  6 plants (D:10)
11 creatures vanquished.

Grand Total: 308 creatures vanquished

Notes
Turn   | Place    | Note
-------+----------+-------------------------------------------
     0 | D:1      | vurker the Tengu Air Elementalist began the quest for the
                  | Orb.
     0 | D:1      | Reached XP level 1. HP: 10/10 MP: 4/4
   197 | D:1      | Reached XP level 2. HP: 16/16 MP: 0/6
   762 | D:1      | Reached XP level 3. HP: 16/20 MP: 0/7
  1283 | D:2      | Reached skill level 1 in Fighting
  1416 | D:2      | Found a bloodstained altar of Trog.
  2135 | D:3      | Reached XP level 4. HP: 25/25 MP: 6/9
  2309 | D:3      | Reached skill level 5 in Air Magic
  2373 | D:3      | Noticed a centaur
  2486 | D:3      | Gained mutation: You can fly continuously. [Tengu growth]
  2486 | D:3      | Reached XP level 5. HP: 27/30 MP: 2/10
  2778 | D:3      | Found a large runed translucent door.
  2782 | D:3      | Found a large runed translucent door.
  2782 | D:3      | Noticed MisterFreud's ghost (amateur OpGl)
  3222 | D:3      | Noticed an ogre
  3252 | D:3      | Killed an ogre
  3252 | D:3      | Reached XP level 6. HP: 17/35 MP: 5/12
  3507 | D:3      | Noticed a black bear
  3549 | D:3      | Killed a black bear
  3549 | D:3      | Reached skill level 6 in Air Magic
  3755 | D:4      | Learned a level 5 spell: Lightning Bolt
  3760 | D:4      | Learned a level 4 spell: Airstrike
  4362 | D:4      | Found a sparkling altar of Nemelex Xobeh.
  4471 | D:4      | Reached XP level 7. HP: 40/40 MP: 9/14
  4923 | D:4      | Found a runed translucent door.
  4924 | D:4      | Noticed Crazy Yiuf
  5213 | D:4      | Killed Crazy Yiuf
  5368 | D:3      | Reached skill level 7 in Air Magic
  5701 | D:5      | Entered Level 5 of the Dungeon
  6070 | D:5      | Reached skill level 5 in Spellcasting
  6070 | D:5      | Reached XP level 8. HP: 46/46 MP: 10/16
  6367 | D:5      | Reached skill level 8 in Air Magic
  6494 | D:5      | Noticed Menkaure
  6496 | D:5      | Killed Menkaure
  6496 | D:5      | Reached skill level 5 in Conjurations
  6663 | D:5      | Noticed Ijyb
  6689 | D:5      | Killed Ijyb
  6789 | D:5      | Found a staircase to the Ecumenical Temple.
  6800 | Temple   | Entered the Ecumenical Temple
  6807 | Temple   | Became a worshipper of Vehumet
  7152 | D:6      | Noticed Grinder
  7294 | D:6      | Killed Grinder
  7294 | D:6      | Reached skill level 9 in Air Magic
  7565 | D:6      | Reached XP level 9. HP: 52/52 MP: 10/19
  8712 | D:7      | Reached skill level 10 in Air Magic
  8937 | D:7      | Reached * piety under Vehumet
  8937 | D:7      | Offered knowledge of Foxfire by Vehumet.
  9000 | D:7      | Reached skill level 5 in Fighting
 10342 | D:8      | Noticed Prince Ribbit
 10345 | D:8      | Killed Prince Ribbit
 10345 | D:8      | Reached skill level 11 in Air Magic
 10345 | D:8      | Reached XP level 10. HP: 50/59 MP: 12/22
 10562 | D:8      | Offered knowledge of Magic Dart by Vehumet.
 10564 | D:8      | Reached ** piety under Vehumet
 10866 | D:8      | Learned a level 1 spell: Apportation
 10890 | D:8      | Noticed Pikel
 10906 | D:8      | Killed Pikel
 11134 | D:8      | Found a hide-covered altar of Uskayaw.
 11140 | D:8      | Found a basalt altar of Yredelemnul.
 12248 | D:9      | Noticed a two-headed ogre
 12252 | D:9      | Killed a two-headed ogre
 12252 | D:9      | Reached skill level 12 in Air Magic
 12524 | D:10     | Entered Level 10 of the Dungeon
 12667 | D:10     | Offered knowledge of Mephitic Cloud by Vehumet.
 12743 | D:10     | Reached XP level 11. HP: 34/66 MP: 5/25
 13061 | D:10     | Reached *** piety under Vehumet
 13394 | D:10     | Found a staircase to the Lair.
 13679 | D:10     | Offered knowledge of Conjure Flame by Vehumet.
 13688 | D:10     | Reached skill level 13 in Air Magic
 13820 | D:10     | Found a roughly hewn altar of Beogh.
 13897 | D:10     | Noticed a two-headed ogre
 13905 | D:10     | Killed a two-headed ogre
 14549 | D:10     | Got a transparent ring mail
 14690 | D:10     | Found a staircase to the Orcish Mines.
 15011 | D:10     | Identified the cursed +1 ring mail "Zirimeup" {*Drain rElec
                  | MR+} (You found it on level 10 of the Dungeon)
 15056 | D:11     | Noticed Psyche
 15060 | D:11     | Reached **** piety under Vehumet
 15132 | D:11     | Killed Psyche
 15159 | D:11     | Noticed a cyclops
 15314 | D:11     | Noticed a purple ugly thing
 15320 | D:11     | Killed a purple ugly thing
 15657 | D:11     | Offered knowledge of Iskenderun's Mystic Blast by Vehumet.
 15792 | D:11     | Noticed a white ugly thing
 15793 | D:11     | Killed a cyclops
 15793 | D:11     | Reached skill level 10 in Spellcasting
 15823 | D:11     | Mangled by a white ugly thing

Illustrated notes

Levels and vault maps discovered:
D:1:      wander_arrival_chamber, layout_loops_ring
D:2:      layout_rooms, bloody_trog
D:3:      layout_basic, ebering_ghost_disaster_area, grunt_ministairs_15,
          minmay_misc_feat_square
D:4:      layout_gridville, lemuel_doored_altar, uniq_crazy_yiuf_cottage
D:5:      layout_basic, temple_pool_b, first_ration, uniq_ijyb, uniq_menkaure
D:6:      layout_basic, uniq_grinder
D:7:      layout_gridville
D:8:      layout_gridville, grunt_temple_overflow_open, grunt_ogre_cave,
          uniq_prince_ribbit1, uniq_pikel
D:9:      layout_roguey, hangedman_glass_teeth
D:10:     layout_roguey [special_room_orc], minmay_lair_entry_grove, orc_0_dummy
D:11:     cheibrodos_orc_bank, layout_rooms, serial_glass, glass_columns_a,
          glass_columns_c, glass_columns_c, glass_columns_b, glass_columns_a,
          glass_columns_b, glass_columns_a, glass_columns_a, uniq_psyche
Temple:   nicolae_temple_no_exploring_needed

Skill      XL: |  1  2  3  4  5  6  7  8  9 10 11 |
---------------+----------------------------------+-----
Conjurations   | 2 3 4 5 7 8 9 |  9.8
Fighting       | 1 2 3 4 5 6 7 |  7.3
Air Magic      | 5 6 7 9 11 12 13 | 13.8
Spellcasting   | 3 4 5 6 7 9 10 | 10.0
Dodging        | |  2.1
Stealth        | |  2.0

Action                   |  1- 3 |  4- 6 |  7- 9 | 10-12 || total
-------------------------+-------+-------+-------+-------++-------
Melee: Unarmed           |    11 |       |       |       ||    11
       Peck              |     2 |     1 |     2 |     3 ||     8
       Kick              |     1 |     3 |     4 |       ||     8
       Dagger            |       |    12 |       |       ||    12
       Quarterstaff      |       |       |    26 |     7 ||    33
 Cast: Shock             |    95 |    90 |   179 |   109 ||   473
       Airstrike         |       |       |    54 |   158 ||   212
 Abil: Fly               |       |     1 |       |       ||     1
Evoke: Wand              |       |     4 |     3 |     3 ||    10
  Use: Scroll            |       |     6 |     9 |     5 ||    20
       Potion            |       |       |     2 |       ||     2
  Eat: Chunk             |     4 |     8 |    18 |    23 ||    53
       Ration            |       |       |     2 |     1 ||     3
Armor: Robe              |     8 |     5 |     2 |       ||    15
       Leather armour    |       |       |     7 |     9 ||    16
       Ring mail         |       |       |       |     3 ||     3
Dodge: Dodged            |    22 |    13 |    58 |    62 ||   155

Table legend:
 A = Non-vault XP
 B = Vault XP
 C = Vault XP percentage of total XP
 D = Non-vault monster count
 E = Vault monster count
 F = Vault count percentage of total count
                 A         B        C        D         E       F
            +---------+---------+-------+---------+---------+-------
      Total |   11929 |    4023 |  25.2 |     246 |      51 |  17.2
            +---------+---------+-------+---------+---------+-------
        D:1 |      46 |       0 |   0.0 |      28 |       0 |   0.0
        D:2 |      34 |       0 |   0.0 |      14 |       0 |   0.0
        D:3 |     503 |       9 |   1.8 |      21 |       5 |  19.2
        D:4 |     231 |      42 |  15.4 |      21 |       1 |   4.5
        D:5 |     668 |     208 |  23.7 |      24 |       2 |   7.7
        D:6 |     614 |     295 |  32.5 |      14 |       1 |   6.7
        D:7 |    1171 |       0 |   0.0 |      25 |       0 |   0.0
        D:8 |    1264 |    1005 |  44.3 |      29 |       3 |   9.4
        D:9 |    2238 |       0 |   0.0 |      25 |       0 |   0.0
       D:10 |    2826 |    2040 |  41.9 |      26 |      38 |  59.4
       D:11 |    2334 |     424 |  15.4 |      19 |       1 |   5.0
            +---------+---------+-------+---------+---------+-------
